 Dungeon Crawl Stone Soup version 0.20.1-1-g8b1a95d (webtiles) character file.

88147 Gelerth the Peltast (level 15, -37/97 HPs)
             Began as a Gargoyle Fighter on July 20, 2017.
             Was an Elder of Okawaru.
             Annihilated by a very large slime creature (43 damage)
             ... on level 6 of the Lair of Beasts on July 21, 2017.
             The game lasted 04:11:30 (16181 turns).

Gelerth the Peltast (Gargoyle Fighter)             Turns: 16181, Time: 04:11:33

Health: -37/97     AC: 33    Str: 28    XL:     15   Next: 93%
Magic:  18/18      EV:  9    Int: 16    God:    Okawaru [****..]
Gold:   1239       SH: 23    Dex: 11    Spells: 14/14 levels left

rFire    . . .     SeeInvis +   K - +5 hand axe (flame)
rCold    + . .     Gourm    .   c - +3 shield
rNeg     + + .     Faith    .   J - +2 plate armour {rC+}
rPois    ∞         Spirit   .   s - +2 helmet
rElec    +         Reflect  +   o - scarf of Spring {+Inv MR+ Int+3}
rCorr    .         Harm     .   l - +1 pair of gloves
MR       ++++.                  M - +0 pair of boots
Stlth    ..........             u - +6 amulet of reflection
Regen    0.3/turn               h - ring "Vunyh" {rElec MR+ Int+5 SInv}
MPRegen  0.2/turn               Y - ring "Daexil" {*Contam rElec rN+ MR+ Str+3}

@: about to teleport, corroded
A: big wings, molten scales 1, agile 1, dopey 1, negative energy resistance 1,
electricity resistance, unbreathing, petrification resistance, rot immunity, AC
+11
a: Fly, Heroism, Renounce Religion, Evoke Invisibility


You were on level 6 of the Lair of Beasts.
You worshipped Okawaru.
Okawaru was greatly pleased with you.
You were very full.

You visited 4 branches of the dungeon, and saw 20 of its levels.

You collected 1280 gold pieces.
You paid 41 gold pieces to Gozag.

Inventory:

Hand Weapons
 i - a +7 hand axe of venom
 q - a +1 broad axe of freezing
 K - a +5 hand axe of flaming (weapon)
 Z - a +1 war axe of electrocution
Missiles
 y - 6 tomahawks of dispersal
 z - 5 tomahawks of returning
 B - 12 tomahawks (quivered)
 C - 8 steel javelins
 E - 4 javelins
Armour
 c - a +3 shield (worn)
 l - a +1 pair of gloves (worn)
 o - the scarf of Spring (worn) {+Inv MR+ Int+3}
   (Okawaru gifted it to you on level 2 of the Swamp)

   It affects your intelligence (+3).
   It affects your resistance to hostile enchantments.
   It lets you turn invisible.
 s - a +2 helmet (worn)
 J - a +2 plate armour of cold resistance (worn)
 M - a +0 pair of boots (worn)
Jewellery
 d - the ring "Otoqyurph" {rN+ Int+3 Stlth+}
   (You found it on level 2 of the Swamp)

   [ring of stealth]

   It affects your intelligence (+3).
   It protects you from negative energy.
   It makes you more stealthy.
 h - the ring "Vunyh" (left hand) {rElec MR+ Int+5 SInv}
   (You found it on level 2 of the Swamp)

   [ring of see invisible]

   It affects your intelligence (+5).
   It insulates you from electricity.
   It affects your resistance to hostile enchantments.
   It lets you see invisible.
 u - a +6 amulet of reflection (around neck)
 Y - the ring "Daexil" (right hand) {*Contam rElec rN+ MR+ Str+3}
   (You found it on level 2 of the Swamp)

   [ring of protection from magic]

   It affects your strength (+3).
   It insulates you from electricity.
   It protects you from negative energy.
   It affects your resistance to hostile enchantments.
   It causes magical contamination when unequipped.
Wands
 m - a wand of digging (7/24)
 r - a wand of disintegration (6/24)
 v - a wand of flame (9/48)
 A - a wand of disintegration (2/24)
 N - a wand of paralysis (15/24)
 O - a wand of flame (23/48)
 Q - a wand of lightning (1/15)
 W - a wand of enslavement (13/24)
 X - a wand of random effects (4/48)
Scrolls
 b - a scroll of identify
 e - a scroll of torment
 g - a scroll of brand weapon
 p - a scroll of magic mapping
 w - 2 scrolls of teleportation
 x - a scroll of amnesia
 D - 2 scrolls of immolation
 F - 2 scrolls of fog
 H - 4 scrolls of recharging
 R - a scroll of fear
 U - 2 scrolls of remove curse
Potions
 j - 2 potions of brilliance
 t - a potion of resistance
 G - a potion of agility {unknown}
Miscellaneous
 k - a box of beasts
 T - a phantom mirror
 V - a sack of spiders
Comestibles
 a - 13 royal jellies
 f - 3 bread rations
 I - 33 fruits


   Skills:
 + Level 12.6 Fighting
 + Level 14.6 Axes
   Level 2.2(10.8) Maces & Flails
 + Level 4.7 Throwing
 + Level 11.7 Armour
 + Level 3.8 Dodging
 + Level 2.5 Stealth
 + Level 15.4 Shields
 + Level 4.7 Invocations
 + Level 2.0 Evocations


You had 14 spell levels left.
You didn't know any spells.

Dungeon Overview and Level Annotations

Branches:
Dungeon (9/15)             Temple (0/1) D:4            Lair (6/6) D:9
  Swamp (4/4) Lair:2        Slime (1/5) Lair:6
  Snake: Lair:2-4    Spider: Lair:2-4       Orc: D:9-12

Altars:
Gozag
Makhleb
Okawaru
Ru
Sif Muna
Trog
Uskayaw
Vehumet
Xom
Zin
The Shining One
Jiyva

Shops:
D:8 }   D:9 :


Innate Abilities, Weirdness & Mutations

You are resistant to torment.
Your stone body is resilient. (AC +11)
You are immune to poison.
Your large and strong wings let you fly indefinitely.
You resist negative energy. (rN+)
You are resistant to electric shocks. (rElec)
You can survive without breathing.
You are immune to petrification.
You are immune to rotting.
You are partially covered in molten scales. (AC +2)
You are agile. (Dex +2)
You are dopey. (Int -2)


Message History

You hit the very large slime creature. You burn the very large slime creature.
The acid blob spits acid at you.
The splash of acid reflects off an invisible shield around you!
The splash of acid hits the acid blob.
The acid blob completely resists.
You block the azure jelly's attack. x2
The azure jelly hits you but does no damage.
You block the azure jelly's attack.
You barely miss the azure jelly.
The azure jelly is lightly wounded.
You completely miss the acid blob. You hit the very large slime creature.
You burn the very large slime creature. The acid blob spits acid at you.
The splash of acid hits you! The acid corrodes you!
You are splashed with acid!
The acid burns!
* * * LOW HITPOINT WARNING * * *
You block the azure jelly's attack.
The azure jelly hits you but does no damage.
You block the azure jelly's attack. x2
The very large slime creature hits you!!!
You die...

......... ....# #
#...... #...# .##
#....##########...#
.#.##.....#P.#...##<.##
..#...................#
............>_....#...#
.......................#
.........##....J##....##
...†.......#...J@#...P#
..≈...≈≈...###.J###...#
..≈≈≈≈≈≈≈..# ##........#
.≈≈≈≈≈≈≈≈≈... #.P#.....#
≈≈≈≈≈≈≈≈≈≈... ....
≈≈≈≈≈≈≈≈≈... .....
.≈≈≈≈≈≈≈... .......
..≈≈≈≈.... .......
..........


You could see an acid blob, an azure jelly and a very large slime creature.

Vanquished Creatures
  the Lernaean hydra (Swamp:4)
  Nikola (Swamp:3)
  Rupert (Lair:3)
  An acid blob (Lair:6)
  Gastronok (Lair:2)
  Aizul (Swamp:3)
  A very ugly thing (Swamp:1)
  Fannar (Lair:3)
  23 hydras
  3 catoblepae
  A two-headed ogre (D:8)
  15 death yaks
  An alligator (Swamp:1)
  A spriggan druid (Swamp:4)
  16 swamp dragons
  A shambling mangrove (Swamp:2)
  A lindwurm (Lair:4)
  An elephant (Lair:4)
  The ghost of regularjogger the Conjurer, a novice TeFE (D:6)
  A black mamba (Lair:5)
  2 torpor snails (Lair:4)
  19 spiny frogs
  A rime drake (Lair:4)
  5 komodo dragons
  2 queen bees
  2 meliai (Lair:4)
  6 hornets
  4 tyrant leeches
  2 dream sheep (D:8)
  14 blink frogs
  A slime creature (Lair:6)
  9 hippogriffs
  7 bog bodies
  3 spriggans (Swamp:4)
  Grum (D:8)
  3 wyverns
  2 basilisks
  20 yaks
  4 vampire mosquitoes (Swamp:1)
  2 wargs (Lair:3)
  8 swamp worms
  9 insubstantial wisps
  2 hell hounds (D:9)
  3 water moccasins
  6 porcupines
  14 swamp drakes
  2 orc warriors
  3 ice beasts
  4 ogres
  26 wolves
  2 centaurs
  10 crocodiles
  3 big kobolds (D:8)
  12 bullfrogs
  Blork the orc (D:5)
  A gnoll sergeant (D:5)
  A wyvern zombie (D:9)
  3 scorpions
  51 killer bees
  8 wights
  An electric eel (Lair:3)
  2 crimson imps
  10 hounds
  A gnoll shaman (D:4)
  An orc priest (D:9)
  A jelly (D:9)
  4 orc wizards
  Jessica (D:2)
  A bullfrog skeleton (D:5)
  Terence (D:2)
  6 worker ants
  A hound skeleton (D:5)
  A howler monkey zombie (D:9)
  Robin (D:2)
  A worker ant zombie (D:9)
  13 gnolls
  4 adders
  A river rat (Lair:4)
  2 shadow imps (D:5)
  A white imp (D:5)
  3 oozes
  An adder zombie (D:7)
  2 worms
  A dart slug (D:4)
  2 leopard geckos
  8 orcs
  5 bats
  2 giant cockroaches (D:6)
  10 goblins
  7 hobgoblins
  8 jackals
  3 quokkas
  3 frilled lizards (D:1)
  3 goblin skeletons (D:5)
  2 goblin zombies (D:5)
  A hobgoblin zombie (D:5)
  5 kobolds
  3 kobold skeletons (D:5)
  A quokka skeleton (D:5)
  A quokka zombie (D:5)
  6 rats
  A bush (Lair:3)
  2 fungi (Lair:4)
  A plant (Lair:4)
486 creatures vanquished.

Vanquished Creatures (others)
  2 spriggan druids
  2 tyrant leeches
  A blink frog (Swamp:2)
  5 fungi
  19 plants
29 creatures vanquished.

Grand Total: 515 creatures vanquished

Notes
Turn   | Place    | Note
-------+----------+-------------------------------------------
     0 | D:1      | Gelerth the Gargoyle Fighter began the quest for the Orb.
     0 | D:1      | Reached XP level 1. HP: 14/14 MP: 1/1
    37 | D:1      | Reached XP level 2. HP: 19/19 MP: 2/2
   379 | D:2      | Noticed Robin
   386 | D:2      | Killed Robin
   386 | D:2      | Reached XP level 3. HP: 19/24 MP: 3/3
   477 | D:2      | Noticed Jessica
   495 | D:2      | Killed Jessica
   495 | D:2      | Reached XP level 4. HP: 19/29 MP: 4/4
   611 | D:2      | Found a radiant altar of Vehumet.
   708 | D:2      | Noticed Terence
   795 | D:2      | Killed Terence
   795 | D:2      | Reached skill level 1 in Axes
   795 | D:2      | Reached skill level 4 in Shields
  1051 | D:3      | Reached XP level 5. HP: 33/33 MP: 5/5
  1658 | D:4      | Found an opulent altar of Gozag.
  1679 | D:4      | Became a worshipper of Gozag Ym Sagoz the Greedy
  1711 | D:4      | Reached skill level 5 in Shields
  1711 | D:4      | Reached XP level 6. HP: 39/39 MP: 4/6
  1775 | D:4      | Reached skill level 1 in Stealth
  1806 | D:4      | Found Vuzxumaf's Gadget Shop.
  1882 | D:4      | Found an iron altar of Okawaru.
  1901 | D:4      | Fell from the grace of Gozag
  1901 | D:4      | Became a worshipper of Warmaster Okawaru
  1918 | D:4      | Noticed a moth of wrath
  1921 | D:4      | Found a bloodstained altar of Trog.
  1975 | D:4      | Found a staircase to the Ecumenical Temple.
  2033 | D:4      | Found a hide-covered altar of Uskayaw.
  2208 | D:5      | Entered Level 5 of the Dungeon
  2272 | D:5      | Reached XP level 7. HP: 28/44 MP: 5/7
  2383 | D:5      | Reached * piety under Okawaru
  2383 | D:5      | Reached skill level 1 in Dodging
  2449 | D:5      | Found a glowing golden altar of the Shining One.
  2498 | D:5      | Noticed Blork the orc
  2508 | D:5      | Killed Blork the orc
  2508 | D:5      | Reached skill level 6 in Shields
  2559 | D:5      | Got a scorched leather armour
  2570 | D:5      | Identified the cursed +0 leather armour of Cagrim {rElec} (You found it on level 5 of the Dungeon)
  2762 | D:5      | Was forgiven by Gozag
  2771 | D:5      | Found a shimmering altar of Xom.
  2771 | D:5      | Found a glowing silver altar of Zin.
  2771 | D:5      | Noticed an angel
  2826 | D:5      | Reached XP level 8. HP: 48/48 MP: 8/8
  2893 | D:5      | Found a deep blue altar of Sif Muna.
  2994 | D:5      | Reached skill level 5 in Fighting
  3079 | D:5      | Found an iron altar of Okawaru.
  3097 | D:5      | Reached ** piety under Okawaru
  3211 | D:6      | Found a sacrificial altar of Ru.
  3235 | D:6      | Noticed regularjogger's ghost (novice TeFE)
  3266 | D:6      | Killed regularjogger's ghost
  3266 | D:6      | Reached skill level 5 in Armour
  3266 | D:6      | Reached skill level 7 in Shields
  3348 | D:6      | Reached skill level 5 in Axes
  3401 | D:6      | Got a smoking bardiche
  3707 | D:7      | Found a burning altar of Makhleb.
  3763 | D:7      | Reached XP level 9. HP: 48/54 MP: 7/9
  4098 | D:8      | Reached *** piety under Okawaru
  4168 | D:8      | Found a glowing golden altar of the Shining One.
  4195 | D:8      | Found Emaga's Gadget Shop.
  4196 | D:8      | Noticed a two-headed ogre
  4205 | D:8      | Killed a two-headed ogre
  4234 | D:8      | Reached skill level 8 in Shields
  4267 | D:8      | Noticed Grum
  4274 | D:8      | Killed Grum
  4308 | D:8      | Reached **** piety under Okawaru
  4316 | D:8      | Reached skill level 1 in Throwing
  4519 | D:8      | Reached XP level 10. HP: 55/60 MP: 8/10
  4625 | D:8      | Noticed a three-headed hydra
  4629 | D:8      | Killed a one-headed hydra
  4629 | D:8      | Reached ***** piety under Okawaru
  4629 | D:8      | Reached skill level 9 in Shields
  4895 | D:9      | Reached XP level 11. HP: 63/67 MP: 9/11
  5057 | D:9      | Found Leatin's Book Shop.
  5219 | D:9      | Found a staircase to the Lair.
  5420 | Lair:1   | Entered Level 1 of the Lair of Beasts
  5426 | Lair:1   | Reached skill level 1 in Evocations
  5428 | Lair:1   | Reached skill level 10 in Shields
  5459 | Lair:1   | Reached skill level 10 in Axes
  5459 | Lair:1   | Reached skill level 1 in Invocations
  5493 | Lair:1   | Received a gift from Okawaru
  5496 | Lair:1   | Got a faintly humming ring mail {god gift}
  5507 | Lair:1   | Identified the +1 ring mail "Huco" {-Cast rCorr Int+3} (Okawaru gifted it to you on level 1 of the Lair of Beasts)
  6293 | Lair:2   | Noticed a six-headed hydra
  6590 | Lair:2   | Killed a seven-headed hydra
  6590 | Lair:2   | Reached skill level 11 in Shields
  6768 | Lair:2   | Noticed Gastronok
  6788 | Lair:2   | Killed Gastronok
  6788 | Lair:2   | Reached ****** piety under Okawaru
  6788 | Lair:2   | Received a gift from Okawaru
  6788 | Lair:2   | Reached XP level 12. HP: 58/74 MP: 11/13
  6938 | Lair:2   | Found a staircase to the Swamp.
  7013 | Lair:2   | Noticed a five-headed hydra
  7024 | Lair:2   | Killed a one-headed hydra
  7243 | Swamp:1  | Entered Level 1 of the Swamp
  7740 | Swamp:1  | Noticed an alligator
  7751 | Swamp:1  | Killed an alligator
  7751 | Swamp:1  | Reached skill level 12 in Shields
  7875 | Swamp:1  | Noticed a green very ugly thing
  7900 | Swamp:1  | Killed a green very ugly thing
  7900 | Swamp:1  | Received a gift from Okawaru
  8025 | Swamp:2  | Found a transporter.
  8068 | Swamp:2  | Noticed an eight-headed hydra
  8080 | Swamp:2  | Killed a four-headed hydra
  8102 | Swamp:2  | Gained mutation: You tend to lose your temper in combat. [potion of mutation]
  8102 | Swamp:2  | Gained mutation: You have a pair of small horns on your head. [potion of mutation]
  8102 | Swamp:2  | Gained mutation: Your spells are a little harder to cast, but a little more powerful. [potion of mutation]
  8103 | Swamp:2  | Lost mutation: You tend to lose your temper in combat. [potion of mutation]
  8103 | Swamp:2  | Lost mutation: You have a pair of small horns on your head. [potion of mutation]
  8103 | Swamp:2  | Lost mutation: Your spells are a little harder to cast, but a little more powerful. [potion of mutation]
  8103 | Swamp:2  | Gained mutation: You are dopey. (Int -2) [potion of mutation]
  8103 | Swamp:2  | Gained mutation: You are agile. (Dex +2) [potion of mutation]
  8103 | Swamp:2  | Gained mutation: You are partially covered in molten scales. (AC +2) [potion of mutation]
  8314 | Swamp:2  | Found a transporter.
  8349 | Swamp:2  | Received a gift from Okawaru
  8349 | Swamp:2  | Reached XP level 13. HP: 30/80 MP: 2/14
  8350 | Swamp:2  | Got a smoking scarf {god gift}
  8356 | Swamp:2  | Identified the scarf of Spring {+Inv MR+ Int+3} (Okawaru gifted it to you on level 2 of the Swamp)
  8828 | Swamp:2  | Got a smoking steel ring
  8831 | Swamp:2  | Got a fine gossamer ring
  8846 | Swamp:2  | Got a clouded glass ring
  8868 | Swamp:2  | Identified the ring "Otoqyurph" {rN+ Int+3 Stlth+} (You found it on level 2 of the Swamp)
  8870 | Swamp:2  | Identified the ring "Vunyh" {rElec MR+ Int+5 SInv} (You found it on level 2 of the Swamp)
  8872 | Swamp:2  | Identified the ring "Daexil" {*Contam rElec rN+ MR+ Str+3} (You found it on level 2 of the Swamp)
  8903 | Swamp:3  | Noticed Nikola
  9351 | Swamp:3  | Reached skill level 10 in Fighting
  9355 | Swamp:3  | Noticed Aizul
  9392 | Swamp:3  | Killed Aizul
  9413 | Swamp:3  | HP: 4/82 [Nikola/chain lightning (9)]
  9419 | Swamp:3  | Killed Nikola
  9880 | Swamp:4  | Entered Level 4 of the Swamp
 10004 | Swamp:4  | Reached skill level 13 in Shields
 10282 | Swamp:4  | Reached skill level 10 in Armour
 10282 | Swamp:4  | Gained mutation: Your large and strong wings let you fly indefinitely. [Gargoyle growth]
 10282 | Swamp:4  | Reached XP level 14. HP: 49/88 MP: 4/16
 10291 | Swamp:4  | Received a gift from Okawaru
 10339 | Swamp:4  | Noticed the 27-headed Lernaean hydra
 10348 | Swamp:4  | HP: 2/88 [spriggan druid/stone arrow (14)]
 10873 | Swamp:4  | Received a gift from Okawaru
 11262 | Swamp:4  | Found a shimmering altar of Xom.
 11307 | Swamp:4  | HP: 4/88 [the 19-headed Lernaean hydra (1)]
 12094 | Swamp:4  | Killed the three-headed Lernaean hydra
 12094 | Swamp:4  | Reached skill level 14 in Shields
 12559 | Lair:3   | Received a gift from Okawaru
 12732 | Lair:3   | Noticed Fannar
 12758 | Lair:3   | Killed Fannar
 12758 | Lair:3   | Received a gift from Okawaru
 12901 | Lair:3   | Received a gift from Okawaru
 12901 | Lair:3   | Reached XP level 15. HP: 54/95 MP: 9/18
 12927 | Lair:3   | Noticed Rupert
 12949 | Lair:3   | Killed Rupert
 13887 | Lair:4   | Received a gift from Okawaru
 13897 | Lair:4   | Got a faintly glowing robe {god gift}
 13908 | Lair:4   | Identified the +2 robe "Uzif" {rN+} (Okawaru gifted it to you on level 4 of the Lair of Beasts)
 14481 | Lair:4   | Reached skill level 15 in Shields
 15429 | Lair:5   | Identified a scroll of acquirement
 15591 | Lair:6   | Entered Level 6 of the Lair of Beasts
 15591 | Lair:6   | Found a viscous altar of Jiyva.
 15591 | Lair:6   | Found a staircase to the Slime Pits.
 15686 | Slime:1  | Entered Level 1 of the Pits of Slime
 15686 | Slime:1  | Noticed an acid blob
 15686 | Slime:1  | Noticed an azure jelly
 15909 | Lair:6   | Noticed an acid blob
 15923 | Lair:6   | Killed an acid blob
 16181 | Lair:6   | Annihilated by a very large slime creature

Skill      XL: |  1  2  3  4  5  6  7  8  9 10 11 12 13 14 15 |
---------------+----------------------------------------------+-----
Fighting       | 4 5 6 7 8 9 10 11 12 | 12.6
Axes           | 1 2 4 5 7 9 11 12 13 14 | 14.6
Shields        | 4 5 6 7 8 9 11 12 13 14 15 | 15.4
Armour         | 4 5 6 8 9 10 11 | 11.7
Stealth        | 1 2 |  2.5
Dodging        | 1 2 3 |  3.8
Throwing       | 1 2 4 |  4.7
Evocations     | 1 2 |  2.0
Invocations    | 1 2 3 4 |  4.7
Maces & Flails | |  2.2

Action                   |  1- 3 |  4- 6 |  7- 9 | 10-12 | 13-15 || total
-------------------------+-------+-------+-------+-------+-------++-------
Melee: Flail             |    15 |       |       |       |       ||    15
       Hand axe          |    29 |   100 |   266 |   543 |  1249 ||  2187
       Dagger            |    13 |    75 |       |       |       ||    88
 Fire: Hand crossbow     |       |       |       |       |     4 ||     4
Throw: Tomahawk          |       |       |     8 |    23 |    48 ||    79
Invok: Potion Petition   |       |     1 |       |       |       ||     1
       Heroism           |       |       |     1 |    10 |    16 ||    27
       Finesse           |       |       |       |     3 |     9 ||    12
 Abil: Fly               |       |       |       |       |     1 ||     1
       Stop Flying       |       |       |       |       |     1 ||     1
Evoke: Wand              |       |       |     2 |     5 |    15 ||    22
       Sack of spiders   |       |       |       |       |     2 ||     2
  Use: Scroll            |     7 |    15 |     2 |    15 |    25 ||    64
       Potion            |       |     1 |       |    20 |     8 ||    29
 Stab: Confused          |       |       |       |       |     4 ||     4
  Eat: Fruit             |       |     6 |     3 |       |       ||     9
       Bread ration      |       |       |     2 |       |     3 ||     5
       Royal jelly       |       |       |       |     6 |     1 ||     7
       Meat ration       |       |       |       |     1 |     2 ||     3
Armor: Scale mail        |    29 |    93 |    80 |     2 |       ||   204
       Leather armour    |       |       |    24 |       |       ||    24
       Plate armour      |       |       |       |   408 |   810 ||  1218
       Skin              |       |       |       |     1 |       ||     1
Dodge: Dodged            |    14 |    61 |    65 |   161 |   387 ||   688
Block: Shield            |    27 |   106 |   145 |   395 |   994 ||  1667
       Reflection        |       |       |       |       |     2 ||     2
